 Dungeon Crawl Stone Soup version 0.20-a0-1089-g3fde505 (webtiles) character file.

58706 nubinia the Zephyrmancer (level 14, -4/108 HPs)
             Began as a Black Draconian Venom Mage on May 2, 2017.
             Was a High Priest of Sif Muna.
             Slain by Donald
             ... wielding a +3 broad axe of freezing
              (11 damage)
             ... on level 9 of the Dungeon on May 3, 2017.
             The game lasted 03:02:23 (28017 turns).

nubinia the Zephyrmancer (DrVM)                    Turns: 28017, Time: 03:02:24

Health: -4/108     AC: 15    Str: 11    XL:     14   Next: 50%
Magic:  4/28       EV: 17    Int: 19    God:    Sif Muna [*****.]
Gold:   1436       SH:  6    Dex: 20    Spells: 5/34 levels left

rFire    . . .     SeeInvis .   w - staff of wizardry
rCold    . . .     Gourm    .   e - +0 buckler
rNeg     . . .     Faith    .   (armour unavailable)
rPois    .         Spirit   .   (helmet restricted)
rElec    +         Reflect  .   c - +1 cloak
rCorr    .         Harm     .   k - +2 pair of gloves
MR       +....                  o - +1 pair of boots
Stlth    +++.......             (no amulet)
Regen    0.3/turn               g - +3 ring of dexterity
MPRegen  0.3/turn               N - +4 ring of dexterity

@: flying, very slightly contaminated, divine energy
A: breathe lightning, unfitting armour, big wings, electricity resistance,
cold-blooded, AC +8
a: Breathe Lightning, Stop Flying, Stop Divine Energy, Channel Magic, Forget
Spell, Renounce Religion


You were on level 9 of the Dungeon.
You worshipped Sif Muna.
Sif Muna was extremely pleased with you.
You were not hungry.

You visited 4 branches of the dungeon, and saw 20 of its levels.

You collected 1436 gold pieces.

Inventory:

Hand Weapons
 a - a +8 flail of protection
 D - a +0 blowgun
Armour
 c - a +1 cloak (worn)
 e - a +0 buckler (worn)
 k - a +2 pair of gloves (worn)
 o - a +1 pair of boots (worn)
Magical Staves
 n - an uncursed staff of fire
 w - an uncursed staff of wizardry (weapon)
Jewellery
 g - a +3 ring of dexterity (left hand)
 j - an uncursed ring of ice
 m - the ring "Ning" {Slay+2 Stlth+}
   (You found it on level 6 of the Lair of Beasts)

   [ring of stealth]

   It affects your accuracy and damage with ranged weapons and melee attacks
   (+2).
   It makes you more stealthy.
 C - an uncursed ring of resist corrosion
 I - the ring "Utielusig" {+Fly rN+++ Str-5 SInv Stlth+}
   (You found it on level 1 of the Lair of Beasts)

   [ring of see invisible]

   It affects your strength (-5).
   It renders you almost immune to negative energy.
   It lets you see invisible.
   It lets you fly.
   It makes you more stealthy.
 N - a +4 ring of dexterity (right hand)
Wands
 l - a wand of flame (29/48)
 q - a wand of flame (10/48)
 F - a wand of acid (8/15)
 L - a wand of polymorph (6/24)
 M - a wand of flame (30/48)
 T - a wand of enslavement (19/24)
 W - a wand of random effects (9/48)
Scrolls
 s - 2 scrolls of remove curse
 t - 4 scrolls of magic mapping
 u - 5 scrolls of enchant armour
 E - 6 scrolls of teleportation
 H - 5 scrolls of fog
 O - 9 scrolls of identify
 Z - 2 scrolls of amnesia
Potions
 d - 3 potions of flight
 p - a potion of lignification
 r - 2 potions of mutation
 v - a potion of cancellation
 x - 2 potions of magic
 z - 6 potions of curing
 A - 3 potions of resistance
 G - a potion of berserk rage
 K - 3 potions of might
 P - 3 potions of agility
 S - a potion of invisibility
 U - 2 potions of heal wounds
 V - 2 potions of brilliance
 X - a potion of ambrosia
 Y - 2 potions of haste
Books
 y - Jestariygi's Disquisition on Sinister Confrontation
   (Sif Muna gifted it to you on level 6 of the Lair of Beasts)

   Spells                             Type                      Level
   a - Corpse Rot                     Necromancy                   2
   b - Bolt of Draining               Conjuration/Necromancy       5
   c - Bolt of Cold                   Conjuration/Ice              6
   d - Lehudib's Crystal Spear        Conjuration/Earth            8
 Q - Sif Muna's Incunabulum of Attacks
   (Sif Muna gifted it to you on level 4 of the Lair of Beasts)

   Spells                             Type                      Level
   a - Stone Arrow                    Conjuration/Earth            3
   b - Throw Icicle                   Conjuration/Ice              4
   c - Irradiate                      Conjuration/Transmutation    5
   d - Iron Shot                      Conjuration/Earth            6
   e - Bolt of Fire                   Conjuration/Fire             6
 R - a book of Beasts

   Spells                             Type                      Level
   a - Summon Butterflies             Summoning                    1
   b - Call Canine Familiar           Summoning                    3
   c - Summon Ice Beast               Ice/Summoning                4
   d - Summon Mana Viper              Hexes/Summoning              5
   e - Summon Hydra                   Summoning                    7
Comestibles
 b - 10 bread rations
 f - 32 fruits
 h - 6 royal jellies
 i - 8 meat rations


   Skills:
 + Level 5.8 Fighting
   Level 0.2 Short Blades
   Level 1.8(6.2) Axes
 + Level 9.5(9.6) Maces & Flails
 + Level 6.0 Dodging
 + Level 5.2 Stealth
 + Level 5.5 Shields
 + Level 1.4 Unarmed Combat
 + Level 10.6 Spellcasting
 * Level 10.1 Conjurations
 + Level 1.4 Hexes
 * Level 9.0 Fire Magic
 * Level 13.5 Air Magic
 - Level 4.0 Poison Magic
 + Level 1.5 Evocations


You had 5 spell levels left.
You knew the following spells:

 Your Spells              Type           Power        Failure   Level  Hunger
a - Sting                 Conj/Pois      ####         1%          1    None
b - Poisonous Vapours     Pois/Air       #####.       1%          2    None
c - Mephitic Cloud        Conj/Pois/Air  #####...     1%          3    None
d - Magic Dart            Conj           ####         1%          1    None
e - Conjure Flame         Conj/Fire      #####...     1%          3    None
f - Dazzling Spray        Conj/Hex       ####..       1%          3    None
g - Static Discharge      Conj/Air       ######..     1%          3    None
h - Lightning Bolt        Conj/Air       ######....   1%          5    ####...
i - Bolt of Draining      Conj/Necr      ####......   10%         5    ####...
j - Stone Arrow           Conj/Erth      ####..       1%          3    None


Dungeon Overview and Level Annotations

Branches:
Dungeon (11/15)            Temple (1/1) D:6            Lair (6/6) D:11
  Swamp (0/4) Lair:2        Snake (0/4) Lair:4        Slime (0/5) Lair:6
    Orc (2/2) D:9
    Elf: Orc:2

Altars:
Ashenzari
Cheibriados
Dithmenos
Elyvilon
Fedhas
Gozag
Hepliaklqana
Kikubaaqudgha
Makhleb
Nemelex Xobeh
Okawaru
Qazlal
Ru
Sif Muna
Trog
Uskayaw
Vehumet
Wu Jian
Xom
Yredelemnul
Zin
The Shining One
Beogh
Jiyva

Shops:
D:11 ((

Annotations:
D:3 nht's ghost, weakling MiHu
D:9 Donald
D:10 vuev's ghost, novice MiGl
Lair:3 exclusion: basilisk


Innate Abilities, Weirdness & Mutations

You can breathe wild blasts of lightning.
Your glossy black scales are hard. (AC +8)
You cannot fit into any form of body armour.
Your large and strong wings let you fly indefinitely.
You are resistant to electric shocks. (rElec)
You are cold-blooded and may be slowed by cold attacks.


Message History

Donald looks more healthy.
Items here: )))) [ a chain mail; a giant club; a short sword; a falchion; a hand axe You have got your breath back.
Donald hits you with a broad axe of freezing!
* * * LOW HITPOINT WARNING * * *
You feel yourself slow down. Donald freezes you.
* * * LOW HITPOINT WARNING * * *
Donald seems less drained.
Donald hits you with a broad axe of freezing!
* * * LOW HITPOINT WARNING * * *
Donald freezes you.
* * * LOW HITPOINT WARNING * * *
Things that are here:
3 stones; a dagger of holy wrath
As you read the scroll of fear, it crumbles to dust.
You assume a fearsome visage.
Donald easily resists.
You feel yourself speed up.
Donald hits you with a broad axe of freezing!
You die...

#..####..######.#
########.# #.# #8..[8#.#
#.# #.[[)[#.######.#
#..>)[[)#......##########
#.).).#[#.)........[.....
#8...8#.#.###############
#######@#.# #.@.# #####


You could see Donald.

Vanquished Creatures
  Fannar (Orc:1)
  6 hydras
  A catoblepas (Lair:6)
  Erica (D:10)
  11 death yaks
  4 two-headed ogres
  A deep troll shaman (Lair:6)
  An unseen horror (D:11)
  An ugly thing (D:11)
  The ghost of Paps the Cudgeler, a novice DsFi of Gozag (D:5)
  A cyclops (D:11)
  11 elephants
  2 salamanders (Lair:6)
  4 black mambas
  2 centaur zombies
  3 gargoyles (D:9)
  The ghost of Paps the Cudgeler, a novice DsFi of Okawaru (D:6)
  Psyche (D:9)
  4 rime drakes
  13 spiny frogs
  4 komodo dragons
  6 trolls
  A polar bear (Lair:6)
  Prince Ribbit (D:7)
  29 blink frogs
  7 dream sheep (Lair:6)
  8 hippogriffs
  3 wyverns
  A vampire (D:9)
  35 yaks
  3 hogs (D:10)
  2 basilisks
  A human (D:10)
  A hungry ghost (D:10)
  A fire elemental (Lair:6)
  An acid dragon (D:10)
  2 nagas (Lair:4)
  13 water moccasins
  17 porcupines
  9 orc warriors
  2 phantoms
  An ice beast (D:7)
  4 sky beasts
  2 necrophages
  An eye of draining (D:11)
  6 ogres
  16 wolves
  5 centaurs
  11 crocodiles
  6 big kobolds
  16 bullfrogs
  3 gnoll sergeants
  7 scorpions
  8 killer bees
  12 wights
  2 electric eels
  3 crimson imps
  A quasit (D:11)
  2 lava snakes (Lair:6)
  A bullfrog skeleton (D:11)
  3 jellies
  2 bullfrog zombies
  6 orc priests
  4 hounds
  2 centaur skeletons (D:11)
  Terence (D:2)
  4 iguanas
  Natasha (thrice) (D:2)
  10 orc wizards
  3 worker ants
  A killer bee zombie (D:7)
  A hound skeleton (D:9)
  A worker ant zombie (D:10)
  6 gnolls
  8 adders
  A shadow imp (D:6)
  4 oozes
  4 adder skeletons
  A worm (D:4)
  A dart slug (D:2)
  9 leopard geckos
  39 orcs
  2 ball pythons (D:3)
  8 bats
  4 giant cockroaches
  6 goblins
  5 hobgoblins
  10 jackals
  5 kobolds
  4 quokkas
  7 frilled lizards
  A jackal zombie (D:5)
  8 rats
  A butterfly (Lair:2)
499 creatures vanquished.

Vanquished Creatures (others)
  20 fungi
  12 plants
32 creatures vanquished.

Grand Total: 531 creatures vanquished

Notes
Turn   | Place    | Note
-------+----------+-------------------------------------------
     0 | D:1      | nubinia the Draconian Venom Mage began the quest for the Orb.
     0 | D:1      | Reached XP level 1. HP: 14/14 MP: 3/3
   321 | D:1      | Reached XP level 2. HP: 20/20 MP: 1/5
   368 | D:1      | Learned a level 2 spell: Poisonous Vapours
  1040 | D:2      | Reached XP level 3. HP: 26/26 MP: 0/6
  1153 | D:2      | Noticed Terence
  1177 | D:2      | Killed Terence
  1447 | D:2      | Noticed Natasha
  1454 | D:2      | Killed Natasha
  1454 | D:2      | Reached skill level 1 in Unarmed Combat
  1454 | D:2      | Reached XP level 4. HP: 22/33 MP: 2/8
  1495 | D:2      | Noticed Natasha
  1508 | D:2      | Killed Natasha
  1743 | D:2      | Noticed Natasha
  1749 | D:2      | Killed Natasha
  1758 | D:2      | Reached XP level 5. HP: 31/38 MP: 0/9
  1990 | D:2      | Learned a level 3 spell: Mephitic Cloud
  2698 | D:3      | Noticed nht's ghost (weakling MiHu)
  3041 | D:3      | Learned a level 1 spell: Magic Dart
  3302 | D:4      | Reached XP level 6. HP: 45/45 MP: 7/11
  3329 | D:4      | Found an iron altar of Okawaru.
  3340 | D:4      | Reached skill level 1 in Axes
  3505 | D:4      | Reached skill level 1 in Maces & Flails
  3837 | D:4      | Your scales start taking on a glossy black colour.
  3837 | D:4      | Reached XP level 7. HP: 42/51 MP: 6/12
  3837 | D:4      | Gained mutation: You are resistant to electric shocks. (rElec) [Black Draconian growth]
  4208 | D:4      | Reached skill level 1 in Fighting
  4208 | D:4      | Reached skill level 1 in Air Magic
  4304 | D:5      | Entered Level 5 of the Dungeon
  4437 | D:5      | Noticed Paps's ghost (novice DsFi)
  4463 | D:5      | Killed Paps's ghost
  4463 | D:5      | Reached skill level 3 in Air Magic
  4463 | D:5      | Reached XP level 8. HP: 43/60 MP: 12/14
  5013 | D:6      | Noticed Paps's ghost (novice DsFi)
  5047 | D:6      | Killed Paps's ghost
  5047 | D:6      | Reached skill level 1 in Shields
  5047 | D:6      | Reached skill level 4 in Air Magic
  5104 | D:6      | Found a staircase to the Ecumenical Temple.
  5110 | Temple   | Entered the Ecumenical Temple
  5157 | Temple   | Became a worshipper of Sif Muna the Loreminder
  5219 | D:6      | Reached skill level 5 in Maces & Flails
  5241 | D:6      | Found a shadowy altar of Dithmenos.
  5263 | D:6      | Reached XP level 9. HP: 57/68 MP: 10/15
  5330 | D:6      | Found an ornate altar of the Wu Jian Council.
  5580 | D:6      | Reached skill level 5 in Air Magic
  6126 | D:7      | Learned a level 3 spell: Conjure Flame
  6543 | D:7      | Reached skill level 1 in Fire Magic
  6544 | D:7      | Reached skill level 5 in Spellcasting
  6782 | D:7      | Noticed Prince Ribbit
  6806 | D:7      | Killed Prince Ribbit
  6806 | D:7      | Reached * piety under Sif Muna
  7344 | D:7      | Reached skill level 6 in Air Magic
  7392 | D:7      | Found a hazy altar of Hepliaklqana.
  7470 | D:8      | Reached skill level 5 in Conjurations
  7655 | D:8      | Found a sacrificial altar of Ru.
  7656 | D:8      | Found an opulent altar of Gozag.
  7658 | D:8      | Found a glowing golden altar of the Shining One.
  7658 | D:8      | Found a basalt altar of Yredelemnul.
  7665 | D:8      | Found a glowing silver altar of Zin.
  7666 | D:8      | Found a stormy altar of Qazlal.
  8472 | D:9      | Noticed a troll
  8491 | D:9      | Killed a troll
  8491 | D:9      | Reached XP level 10. HP: 77/77 MP: 1/18
  8961 | D:9      | Noticed Psyche
  8978 | D:9      | Killed Psyche
  8978 | D:9      | Reached ** piety under Sif Muna
  9099 | D:9      | Noticed a gargoyle
  9103 | D:9      | Noticed a gargoyle
  9289 | D:9      | Reached skill level 7 in Air Magic
  9290 | D:9      | Noticed a two-headed ogre
  9309 | D:9      | Killed a two-headed ogre
  9535 | D:9      | Noticed a two-headed ogre
  9540 | D:9      | Killed a two-headed ogre
  9730 | D:9      | Noticed a gargoyle
  9755 | D:9      | Found a staircase to the Orcish Mines.
  9764 | D:9      | Reached skill level 8 in Air Magic
  9822 | D:9      | Noticed a gargoyle
 10035 | D:9      | Noticed a gargoyle
 10050 | D:10     | Entered Level 10 of the Dungeon
 10078 | D:10     | Noticed Erica
 10117 | D:10     | Killed Erica
 10117 | D:10     | Reached *** piety under Sif Muna
 10117 | D:10     | Reached XP level 11. HP: 82/82 MP: 4/21
 10360 | D:10     | Reached skill level 9 in Air Magic
 10711 | D:10     | Noticed vuev's ghost (novice MiGl)
 10719 | D:10     | Found a sparkling altar of Nemelex Xobeh.
 11174 | D:8      | Noticed a two-headed ogre
 11188 | D:8      | Killed a two-headed ogre
 11188 | D:8      | Reached **** piety under Sif Muna
 12127 | D:11     | Reached skill level 5 in Fire Magic
 12402 | D:11     | Found Codyadgh's Weapon Boutique.
 12437 | D:11     | Found Doduebax's Antique Weapon Emporium.
 12715 | D:11     | Noticed a two-headed ogre
 12724 | D:11     | Killed a two-headed ogre
 12761 | D:11     | Killed an unseen horror
 12761 | D:11     | Reached skill level 10 in Air Magic
 12837 | D:11     | Found a staircase to the Lair.
 13300 | Lair:1   | Entered Level 1 of the Lair of Beasts
 13519 | Lair:1   | Reached XP level 12. HP: 86/91 MP: 15/23
 13558 | Lair:1   | Learned a level 3 spell: Dazzling Spray
 14707 | Lair:1   | Reached ***** piety under Sif Muna
 14985 | Lair:1   | Got a heavily runed wooden ring
 14996 | Lair:1   | Identified the ring "Utielusig" {+Fly rN+++ Str-5 SInv Stlth+} (You found it on level 1 of the Lair of Beasts)
 15257 | Lair:1   | Noticed a seven-headed hydra
 15316 | Lair:1   | Received a gift from Sif Muna
 15316 | Lair:1   | Reached skill level 5 in Dodging
 15321 | Lair:1   | Learned a level 3 spell: Static Discharge
 15327 | Lair:1   | Learned a level 5 spell: Lightning Bolt
 15579 | Lair:1   | HP: 1/92 [seven-headed hydra (4)]
 15580 | Lair:1   | Killed a seven-headed hydra
 16163 | Lair:2   | Reached skill level 11 in Air Magic
 16768 | Lair:2   | Found a staircase to the Swamp.
 17044 | Lair:2   | Noticed a five-headed hydra
 17224 | Lair:2   | Reached skill level 1 in Evocations
 17738 | Lair:2   | Killed a five-headed hydra
 18613 | Lair:3   | Reached XP level 13. HP: 99/99 MP: 12/26
 18719 | Lair:3   | Reached skill level 1 in Hexes
 18950 | Lair:4   | Found a staircase to the Snake Pit.
 20272 | Lair:5   | Reached skill level 12 in Air Magic
 20295 | Lair:5   | Reached skill level 5 in Shields
 20319 | Lair:4   | Identified Sif Muna's Incunabulum of Attacks (Sif Muna gifted it to you on level 4 of the Lair of Beasts)
 20319 | Lair:4   | Received a gift from Sif Muna
 20489 | Lair:5   | Reached skill level 5 in Fighting
 20983 | Lair:4   | Reached skill level 5 in Stealth
 21625 | Lair:5   | Found a deep blue altar of Sif Muna.
 21987 | Lair:6   | Entered Level 6 of the Lair of Beasts
 22898 | Lair:6   | Reached skill level 10 in Spellcasting
 23094 | Lair:6   | Gained mutation: Your large and strong wings let you fly indefinitely. [Black Draconian growth]
 23094 | Lair:6   | Reached XP level 14. HP: 107/107 MP: 21/28
 23338 | Lair:6   | Reached skill level 13 in Air Magic
 23436 | Lair:6   | Found a runed door.
 23436 | Lair:6   | Found a viscous altar of Jiyva.
 23437 | Lair:6   | Found a staircase to the Slime Pits.
 24870 | Lair:6   | Identified Jestariygi's Disquisition on Sinister Confrontation (Sif Muna gifted it to you on level 6 of the Lair of Beasts)
 24870 | Lair:6   | Received a gift from Sif Muna
 24877 | Lair:6   | Learned a level 5 spell: Bolt of Draining
 24900 | Lair:6   | Reached skill level 10 in Conjurations
 26227 | Lair:6   | Identified the ring "Ning" {Slay+2 Stlth+} (You found it on level 6 of the Lair of Beasts)
 26245 | Lair:6   | Learned a level 3 spell: Stone Arrow
 26939 | Orc:1    | Entered Level 1 of the Orcish Mines
 26957 | Orc:1    | Noticed Fannar
 27625 | Orc:1    | Killed Fannar
 27862 | Orc:1    | Found a roughly hewn altar of Beogh.
 27983 | Orc:2    | Entered Level 2 of the Orcish Mines
 27983 | Orc:2    | Noticed Donald
 28017 | D:9      | Slain by Donald

Vault maps used:
D:1:      lemuel_arrival_behind_the_door_large, minmay_statues_item
D:2:      first_bread, uniq_terence, uniq_natasha
D:4:      okawaru_trees_1
D:6:      chequers_temple_overflow_statue_of_worship, minmay_temple_entry_hall
D:7:      lemuel_coloured_pillars_altar, uniq_prince_ribbit1
D:8:      grunt_temple_overflow_open
D:9:      cheibrodos_statue_roulette, kennysheep_orc_monster_closet_entryway,
          uniq_psyche
D:10:     grunt_livestock, nemelex_xobeh_ov_fountains_minmay, uniq_erica
D:11:     david_lair_generic, serial_shops, shop_statue, shop,
          corexii_hall_statues_deadend
Temple:   cyrus_circular_temple
Lair:1:   lemuel_fruit_tree, minmay_lair_oklob_chamber, lemuel_fruit_fields
Lair:2:   swamp_mist_pool, beast_lair_carwin_7
Lair:3:   grunt_megastairs_1
Lair:4:   guppyfry_snake_entry_island, grunt_megastairs_5
Lair:5:   basic_altar, grunt_megastairs_4
Lair:6:   grunt_lair_end_beastmaster, slime_altar_2, bh_autumn_forest_stairs,
          patterned_corridor
Orc:1:    basic_altar, sword_in_stone, uniq_gastronok, uniq_fannar
Orc:2:    st_orc_mages, uniq_azrael, uniq_donald

Skill      XL: |  1  2  3  4  5  6  7  8  9 10 11 12 13 14 |
---------------+-------------------------------------------+-----
Dodging        | 2 3 4 5 6 |  6.0
Stealth        | 2 3 4 5 |  5.2
Unarmed Combat | 1 |  1.4
Conjurations   | 2 3 5 6 7 8 9 10 | 10.1
Spellcasting   | 3 4 5 6 7 9 10 | 10.6
Poison Magic   | 4 |  4.0
Axes           | 1 |  1.8
Maces & Flails | 1 3 5 6 7 8 9 |  9.5
Fighting       | 1 2 3 4 5 |  5.8
Air Magic      | 3 4 6 8 10 11 12 13 | 13.5
Shields        | 2 4 5 |  5.5
Fire Magic     | 2 4 5 7 8 9 |  9.0
Evocations     | 1 |  1.5
Hexes          | 1 |  1.4
Short Blades   | |  0.2

Action                   |  1- 3 |  4- 6 |  7- 9 | 10-12 | 13-15 || total
-------------------------+-------+-------+-------+-------+-------++-------
Melee: Unarmed           |    74 |     5 |       |       |       ||    79
       Tailslap          |     6 |     7 |    14 |    67 |    71 ||   165
       Punch             |     1 |       |     2 |       |       ||     3
       Dagger            |       |    28 |       |       |       ||    28
       War axe           |       |    30 |       |       |       ||    30
       Flail             |       |    38 |   224 |   502 |   392 ||  1156
 Cast: Sting             |    51 |    86 |    32 |    64 |    18 ||   251
       Poisonous Vapours |     2 |    14 |    44 |   163 |   195 ||   418
       Magic Dart        |       |     4 |   134 |    93 |    22 ||   253
       Mephitic Cloud    |       |       |     8 |    37 |    13 ||    58
       Conjure Flame     |       |       |    10 |    13 |    13 ||    36
       Dazzling Spray    |       |       |       |    35 |    44 ||    79
       Static Discharge  |       |       |       |    13 |    88 ||   101
       Lightning Bolt    |       |       |       |     8 |    10 ||    18
       Stone Arrow       |       |       |       |       |    13 ||    13
       Bolt of Draining  |       |       |       |       |     3 ||     3
Invok: Divine Energy     |       |       |     1 |       |       ||     1
 Abil: Breathe Lightning |       |       |     9 |    23 |     8 ||    40
       Fly               |       |       |       |       |     1 ||     1
Evoke: Wand              |       |       |    15 |    14 |     6 ||    35
  Use: Scroll            |       |     5 |    17 |     9 |    12 ||    43
       Potion            |       |       |     4 |     4 |       ||     8
 Stab: Sleeping          |       |     8 |     6 |     2 |       ||    16
       Distracted        |       |     2 |       |       |     1 ||     3
       Confused          |       |       |     2 |    16 |     6 ||    24
       Invisible         |       |       |       |     5 |     3 ||     8
  Eat: Chunk             |     2 |     8 |    12 |    36 |    25 ||    83
       Meat ration       |       |       |     1 |       |       ||     1
       Royal jelly       |       |       |       |     3 |     4 ||     7
       Fruit             |       |       |       |       |     2 ||     2
Armor: Skin              |    29 |    49 |   102 |   199 |   150 ||   529
Dodge: Dodged            |    51 |    58 |   129 |   342 |   297 ||   877
Block: Buckler           |       |       |    14 |   113 |   133 ||   260
